Map: [ESL] Goldenaura

Players

Erik

  • Race: Zerg Zerg
  • Spawn Location: 12:00

Cham - Winner!

  • Race: Zerg Zerg
  • Spawn Location: 5:00

Event: ESL SC2 Masters 2024 Spring (Regional)

VOD

Have the link to the VOD?

Description

Time

  • Played on: April 13, 2024, 3:19 p.m.
  • Length: 7:25

All games in this series

Show
View Real Time Build Order
Export as new Build Order

Erik Zerg 

Build Orders: Hatch First 

Get SALT Encoding   

  12  0:00  Drone  
  13  0:08  Drone  
  14  0:14  Extractor  
  14  0:15  Drone  
  15  0:38  Hatchery  
  15  0:42  Extractor  
  13  0:43  Drone  
  13  0:49  Overlord  
  15  1:04  Spawning Pool  
  15  1:07  Drone  
  15  1:11  Drone  
  16  1:15  Drone  
  17  1:18  Drone  
  17  1:25  Extractor  
  17  1:29  Drone  
  19  1:40  Drone  
  19  1:51  Zergling x2, Queen x2  
  19  1:54  Drone  
  25  2:00  Overlord  
  25  2:03  Drone  
  26  2:11  Drone  
  26  2:12  Drone  
  28  2:22  Drone  
  29  2:28  Zergling x2  
  30  2:31  Lair  
  30  2:34  Zergling x2  
  32  2:37  Drone  
  32  2:43  Roach Warren  
  31  2:50  Overlord  
  31  2:51  Drone  
  32  2:57  Drone x2  
  34  3:00  Drone x2  
  35  3:06  Overlord, Extractor  
  35  3:07  Drone  
  35  3:09  Drone  
  35  3:11  Drone  
  37  3:13  Drone  
  37  3:19  Evolution Chamber  
  37  3:26  Drone x2  
  39  3:29  Glial Reconstitution  
  39  3:32  Overseer  
  39  3:36  Drone x4  
  39  3:39  Roach  
  45  3:42  Roach  
  45  3:45  Roach  
  49  3:52  Evolution Chamber  
  49  3:53  Drone x2  
  49  3:55  Extractor  
  49  3:58  Zerg Missile Weapons Level 1  
  49  4:01  Overlord  
  49  4:05  Roach  
  49  4:08  Overlord  
  52  4:10  Evolution Chamber  
  52  4:13  Overlord  
  52  4:15  Overlord  
  51  4:21  Roach x2  
  51  4:22  Roach  
  57  4:25  Roach  
  57  4:27  Drone  
  57  4:30  Drone  
  61  4:36  Drone x2  
  63  4:39  Drone x3  
  66  4:49  Overlord  
  66  4:51  Ravager  
  67  4:57  Overlord, Extractor  
  67  4:59  Roach  
  68  5:03  Hatchery  
  67  5:07  Roach x3  
  73  5:18  Drone x3  
  73  5:20  Drone  
  77  5:23  Hydralisk Den  
  77  5:24  Drone  
  77  5:33  Roach  
  77  5:34  Roach x3  
  77  5:38  Roach  
  70  5:43  Roach, Spine Crawler  
  70  5:44  Spine Crawler  
  71  5:50  Spire  
  71  5:52  Roach Warren  
  71  5:55  Roach  
  71  6:02  Roach x3  
  78  6:12  Roach x6  
  74  6:23  Roach x2  
  76  6:32  Roach  
  84  6:33  Roach x3  
  84  6:41  Roach  
  80  6:49  Roach x2  
  59  7:01  Roach x3  
Show
View Real Time Build Order
Export as new Build Order

Cham Zerg - Winner!

Build Orders: Hatch First 

Get SALT Encoding   

  12  0:00  Drone  
  13  0:12  Overlord  
  13  0:17  Drone  
  14  0:30  Drone  
  14  0:31  Drone  
  16  0:48  Hatchery  
  15  0:51  Drone  
  15  0:54  Drone  
  17  0:58  Drone  
  18  1:12  Spawning Pool  
  18  1:13  Extractor  
  18  1:17  Drone  
  17  1:19  Drone  
  18  1:28  Drone  
  19  1:43  Overlord  
  19  1:59  Queen  
  19  2:00  Queen  
  19  2:01  Zergling x6  
  26  2:11  Overlord  
  26  2:12  Drone  
  26  2:15  Metabolic Boost  
  27  2:22  Drone  
  28  2:26  Drone  
  29  2:34  Drone  
  29  2:35  Drone  
  31  2:42  Baneling Nest  
  31  2:43  Drone  
  30  2:51  Drone  
  31  3:01  Drone x2  
  31  3:03  Evolution Chamber  
  33  3:09  Hatchery  
  33  3:11  Drone x3  
  35  3:16  Overlord  
  35  3:19  Drone  
  36  3:21  Zergling x2  
  36  3:23  Zergling x2  
  36  3:25  Zergling x2  
  39  3:35  Zerg Melee Weapons Level 1  
  39  3:36  Drone x2  
  39  3:37  Overlord  
  41  3:41  Drone  
  41  3:45  Roach Warren  
  41  3:47  Drone  
  42  3:49  Drone  
  42  3:52  Extractor  
  42  3:53  Drone  
  42  3:54  Drone  
  44  3:56  Drone  
  44  3:58  Drone  
  44  4:02  Drone  
  47  4:06  Overlord  
  47  4:11  Overlord  
  47  4:13  Overlord  
  47  4:21  Queen  
  49  4:26  Roach x3  
  49  4:29  Roach x2  
  59  4:34  Roach  
  59  4:35  Roach  
  63  4:40  Overlord  
  63  4:42  Roach x2  
  63  4:45  Zergling x4  
  69  4:48  Zergling x2  
  69  4:51  Zergling x4  
  70  4:53  Zergling x4  
  70  4:55  Zergling x2  
  70  4:57  Zergling x2  
  74  5:01  Zergling x4  
  74  5:02  Zergling x2  
  74  5:05  Zergling x4  
  74  5:06  Ravager x2  
  81  5:07  Ravager  
  81  5:13  Zergling x2  
  83  5:16  Zergling x4  
  85  5:24  Zergling x2  
  86  5:30  Zergling x2  
  86  5:31  Zergling x8  
  87  5:37  Zergling x14  
  87  5:39  Ravager x2  
  87  5:42  Overlord x2  
  94  5:45  Ravager  
  94  5:47  Overlord  
  95  5:51  Zergling x4  
  97  6:04  Zergling x2  
  97  6:06  Ravager  
  96  6:13  Zergling x18  
  96  6:14  Zergling x4  
  101  6:22  Ravager x2  
  101  6:23  Zergling x8  
  104  6:30  Zergling x4  
  107  6:32  Zergling x2  
  107  6:38  Zergling x2  
  107  6:39  Zergling x4  
  101  6:47  Zergling x2  
  101  6:51  Zergling x2  
  101  6:54  Zergling x4  
  97  6:58  Zergling x4  
  92  7:06  Zergling x4  
Tags
 
Add a new tag
Caveats
  • Supply blocks, unpowered buildings, or Contaminate may cause inaccurate times.
  • Supply counts are checked every 10 seconds.